 Dungeon Crawl Stone Soup version 0.21.1-1-g345015f (webtiles) character file.

497 inc the Vexing (level 6, -8/28 HPs)
             Began as a Felid Enchanter on Feb 20, 2018.
             Mangled by a two-headed ogre
             ... wielding a +0 giant club
              (16 damage)
             ... on level 6 of the Dungeon on Feb 21, 2018.
             The game lasted 00:17:00 (7263 turns).

inc the Vexing (Felid Enchanter)                    Turns: 7263, Time: 00:17:01

Health: -8/28      AC:  6    Str:  4    XL:     6   Next: 93%
Magic:  8/10       EV: 24    Int: 18    God:
Gold:   265        SH:  0    Dex: 20    Spells: 3/9 levels left
                                        Lives:  0   Deaths: 2

rFire    . . .     SeeInvis +     - Unarmed
rCold    . . .     Gourm    .   (shield unavailable)
rNeg     . . .     Faith    .   (armour unavailable)
rPois    .         Spirit   .   (helmet unavailable)
rElec    .         Reflect  .   (cloak unavailable)
rCorr    .         Harm     .   (gloves unavailable)
MR       .....                  (boots unavailable)
Stlth    ++++......             (no amulet)
HPRegen  0.09/turn              d - +3 ring of dexterity
MPRegen  0.12/turn              g - +2 ring of protection

@: quick
A: very small, no armour, no weapons or thrown items, stealth, claws 1, fangs 3,
repulsion field 1, slimy green scales 1, see invisible, carnivore, speed 1,
shaggy fur 2, slow metabolism 1, sharp paws
a: no special abilities


You were on level 6 of the Dungeon.
You were not hungry.

You visited 1 branch of the dungeon, and saw 6 of its levels.

You collected 265 gold pieces.

Inventory:

Jewellery
 d - a +3 ring of dexterity (left paw)
 g - a +2 ring of protection (right paw)
 h - an uncursed ring of protection from cold
 m - an uncursed ring of positive energy
 r - a +2 ring of intelligence {unknown}
Wands
 p - a wand of scattershot (3)
Scrolls
 c - 3 scrolls of fog {unknown}
 f - 2 scrolls of remove curse
 i - a scroll of enchant armour {unknown}
 l - 3 scrolls of teleportation {unknown}
 o - 2 scrolls of fear {unknown}
 u - 2 scrolls of identify
 w - 3 scrolls of amnesia {unknown}
 y - a scroll of immolation {unknown}
Potions
 e - 2 potions of haste
 j - a potion of agility
 k - a potion of brilliance
 n - a potion of heal wounds {unknown}
 q - a potion of flight {unknown}
 s - a potion of magic {unknown}
 t - 2 potions of lignification {unknown}
 v - a potion of resistance {unknown}
 x - a potion of might {unknown}
Books
 a - a book of Maledictions

   Spells                             Type                      Level
   a - Corona                         Hexes                        1
   b - Ensorcelled Hibernation        Hexes/Ice                    2
   c - Confuse                        Hexes                        3
   d - Tukima's Dance                 Hexes                        3
   e - Dazzling Spray                 Conjuration/Hexes            3
Comestibles
 b - 12 rations


   Skills:
 + Level 3.3 Fighting
 + Level 6.2 Dodging
 * Level 5.4 Stealth
 + Level 4.9 Unarmed Combat
 - Level 2.0 Spellcasting
 - Level 6.7 Hexes
 - Level 2.7 Ice Magic


You had 3 spell levels left.
You knew the following spells:

 Your Spells              Type           Power        Failure   Level  Hunger
a - Corona                Hex            ####...      1%          1    #......
b - Ensorcelled Hibernat  Hex/Ice        ###...       3%          2    ###....
c - Confuse               Hex            ####....     3%          3    ###....


Dungeon Overview and Level Annotations

Branches:
Dungeon (6/15)
 Temple: D:4-7

Altars:
Ashenzari
Elyvilon
Gozag
Hepliaklqana
Kikubaaqudgha
Nemelex Xobeh
Okawaru
Qazlal
Sif Muna
Uskayaw
Yredelemnul

Annotations:
D:2 Sigmund


Innate Abilities, Weirdness & Mutations

You cannot wear armour.
You are incapable of wielding weapons or throwing items.
Your paws allow you to move quietly. (Stealth)
You have sharp claws.
You have razor-sharp teeth.
You have supernaturally acute eyesight. (SInv)
You are carnivorous and can eat meat at any time.
You cover ground quickly.
You are covered in thick fur. (AC +2)
You have a slow metabolism.
Your sharp claws are effective at attacking unaware monsters.
You are surrounded by a mild repulsion field. (EV +2)
You are partially covered in slimy green scales. (AC +2)


Message History

The two-headed ogre hits you with a giant spiked club!!
Ouch! That really hurt!
* * * LOW HITPOINT WARNING * * *
You are too injured to fight recklessly!
You scratch the two-headed ogre.
The two-headed ogre is severely wounded.
You claw the two-headed ogre!
The two-headed ogre is almost dead.
You are too injured to fight recklessly!
Casting: Confuse
Confirm with . or Enter, or press ? or * to list all spells.
Aiming: Ensorcelled Hibernation
Press: ? - help, Shift-Dir - straight line, f - you, p - two-headed ogre
Okay, then.
You scratch the two-headed ogre.
The two-headed ogre is almost dead.
The two-headed ogre closely misses you.
The two-headed ogre hits you with a giant spiked club!
Ouch! That really hurt!
You die...

#....##.#[)...#.#####...##.......
#........).......................
#....##.#...$#..#####..###.......
#....#.......#.........# #.##.#.#
#....#..#......†.....#.# #.##.#.#
#............##.####.#.# #.##.#.#
#...........###.## #.#.# #.##.#.#
............###..###.#.# #.##....
.....##.#......O@....... .. #.#.#
.#..O...#..#####..##.#.# #.##.#.#
.#...####..# ##.##.# # #.......
.#...####..######..#.#.###......#
.................................
.#..####..########.#.#.....##....
.#..# #...##........# ... #....
#..# ##..##.....#....... .....#
#..# #..##.....#..#.....#...##


You could see a two-headed ogre (confused).

Vanquished Creatures
  An orc warrior (D:6)
  An ice beast (D:6)
  A phantom (D:5)
  An ogre (D:5)
  A bullfrog (D:6)
  A bullfrog zombie (D:4)
  A centaur skeleton (D:6)
  2 hounds
  3 orc priests
  A bullfrog skeleton (D:5)
  3 orc wizards
  Jessica (D:2)
  3 worker ants
  2 iguanas (D:5)
  A howler monkey zombie (D:6)
  4 adders
  2 shadow imps (D:5)
  A worm (D:6)
  A dart slug (D:1)
  2 leopard geckos
  13 orcs
  4 bats
  4 giant cockroaches
  5 goblins
  6 hobgoblins
  12 jackals
  5 kobolds
  2 quokkas
  2 ball pythons
  2 frilled lizards (D:3)
  A jackal skeleton (D:4)
  A leopard gecko zombie (D:6)
  3 rats
93 creatures vanquished.

Notes
Turn   | Place    | Note
-------+----------+-------------------------------------------
     0 | D:1      | inc the Felid Enchanter began the quest for the Orb.
     0 | D:1      | Reached XP level 1. HP: 7/7 MP: 4/4
   379 | D:1      | Reached XP level 2. HP: 11/11 MP: 6/6
   731 | D:2      | Noticed Sigmund
  1037 | D:2      | Learned a level 2 spell: Ensorcelled Hibernation
  1083 | D:2      | Noticed Jessica
  1112 | D:2      | Killed Jessica
  1112 | D:2      | Reached XP level 3. HP: 6/14 MP: 0/7
  1120 | D:2      | Learned a level 3 spell: Confuse
  1565 | D:2      | Found a stormy altar of Qazlal.
  1749 | D:3      | Found a hide-covered altar of Uskayaw.
  1753 | D:3      | Found a shattered altar of Ashenzari.
  1757 | D:3      | Found an ancient bone altar of Kikubaaqudgha.
  1757 | D:3      | Found a basalt altar of Yredelemnul.
  1760 | D:3      | Found an opulent altar of Gozag.
  1936 | D:3      | Reached skill level 5 in Hexes
  2275 | D:3      | Reached XP level 4. HP: 18/18 MP: 8/8
  2287 | D:3      | Reached skill level 1 in Ice Magic
  2986 | D:3      | Found a deep blue altar of Sif Muna.
  3321 | D:4      | Found a hazy altar of Hepliaklqana.
  3386 | D:4      | Reached XP level 5. HP: 8/21 MP: 1/9
  3668 | D:4      | HP: 1/21 [poisoned by an adder]
  3669 | D:4      | Gained mutation: You are surrounded by a mild repulsion field. (EV +2) [potion of mutation]
  3669 | D:4      | Gained mutation: You are partially covered in slimy green scales. (AC +2) [potion of mutation]
  3674 | D:4      | Succumbed to an adder's poison
  3675 | D:4      | Reached XP level 4. HP: 0/18 MP: 4/8
  3675 | D:4      | Found a sparkling altar of Nemelex Xobeh.
  3692 | D:4      | Found an iron altar of Okawaru.
  3751 | D:4      | Found a white marble altar of Elyvilon.
  4413 | D:3      | Reached XP level 5. HP: 14/21 MP: 0/9
  4591 | D:5      | Entered Level 5 of the Dungeon
  4740 | D:5      | Noticed an ogre
  4797 | D:5      | HP: 1/21 [ogre/giant spiked club (20)]
  5094 | D:5      | Killed an ogre
  5122 | D:5      | Noticed a phantom
  5176 | D:5      | Gained mutation: You are covered in thick fur. (AC +2) [Felid growth]
  5176 | D:5      | Reached XP level 6. HP: 23/25 MP: 5/10
  5363 | D:5      | Reached skill level 1 in Fighting
  5715 | D:5      | Reached skill level 5 in Dodging
  5778 | D:5      | Reached XP level 7. HP: 26/30 MP: 1/11
  6786 | D:6      | Noticed a two-headed ogre
  7099 | D:6      | Reached skill level 5 in Stealth
  7250 | D:6      | Slain by a two-headed ogre
  7251 | D:6      | Reached XP level 6. HP: -4/28 MP: 4/10
  7263 | D:6      | Mangled by a two-headed ogre

Skill      XL: |  1  2  3  4  5  6  7 |
---------------+----------------------+-----
Unarmed Combat | 2 3 4 |  4.9
Hexes          | 5 6 |  6.7
Ice Magic      | 1 2 |  2.7
Dodging        | 3 4 5 6 |  6.2
Fighting       | 2 3 |  3.3
Stealth        | 5 |  5.4
Spellcasting   | |  2.0

Action                   |  1- 3 |  4- 6 |  7- 9 || total
-------------------------+-------+-------+-------++-------
Melee: Unarmed           |    92 |   157 |    65 ||   314
       Bite              |    12 |    14 |     8 ||    34
       Punch             |       |       |     1 ||     1
 Cast: Ensorcelled Hiber |    15 |    56 |    23 ||    94
       Confuse           |       |    15 |     7 ||    22
       Corona            |       |     1 |       ||     1
  Use: Scroll            |       |     4 |       ||     4
       Potion            |       |     2 |       ||     2
 Stab: Sleeping          |    13 |    29 |    12 ||    54
       Confused          |       |     6 |     3 ||     9
  Eat: Chunk             |    10 |    11 |    10 ||    31
Armor: Skin              |    12 |    18 |     3 ||    33
Dodge: Dodged            |    84 |   123 |    57 ||   264
